 Dungeon Crawl Stone Soup version 0.30.0-29-ga12c61a403 (webtiles) character file.

Game seed: 17761291083292872521

1403 croobank the Conjurer (level 8, -5/61 HPs)
             Began as a Demonspawn Conjurer on June 16, 2023.
             Was an Initiate of Gozag.
             Slain by an entropy weaver (shapeshifter) (10 damage)
             ... on level 1 of the Abyss.
             The game lasted 00:30:35 (6402 turns).

croobank the Conjurer (Demonspawn Conjurer)         Turns: 6402, Time: 00:30:35

Health: -5/61      AC:  5    Str:  7    XL:     8   Next: 42%
Magic:  14/14      EV: 13    Int: 33    God:    Gozag
Gold:   628        SH:  0    Dex: 12    Spells: 9/15 levels left

rFire   . . .        F - +5 woodcutter's axe
rCold   + + .        (shield currently unavailable)
rNeg    . . .        a - +0 robe
rPois   +            (no helmet)
rElec   +            (no cloak)
rCorr   +            j - +0 pair of gloves of Asceticism {rPois Int+5}
SInv    .            (no boots)
Will    .....        (no amulet)
Stlth   +++          s - +6 ring of intelligence
HPRegen 0.30/turn    B - ring of ice
MPRegen 0.14/turn

%: no passive effects
@: resistant
A: molten scales 1, foul stench 3
a: Renounce Religion, Potion Petition, Call Merchant, Bribe Branch


You were on level 1 of the Abyss.
You worshipped Gozag.
Gozag was pleased with you.
You visited 1 branch of the dungeon, and saw 6 of its levels.
You visited the Abyss 1 time.

You collected 1002 gold pieces.
You spent 374 gold pieces at shops.

Inventory:

Hand Weapons
 d - a +0 spear
 i - a +0 vampiric short sword
 k - a +1 whip of electrocution
 t - a +4 dagger of venom
 y - a +0 great sword
 F - the +5 woodcutter's axe (weapon)
   (You took it off a gnoll bouda on level 5 of the Dungeon)
Missiles
 w - 11 poisoned darts (quivered)
Armour
 a - a +0 robe (worn)
 f - a +1 pair of gloves
 j - the +0 pair of gloves of Asceticism (worn) {rPois Int+5}
   (You acquired it on level 5 of the Dungeon)

   Int:       It affects your intelligence (+5).
   rPois:     It protects you from poison.
 n - a +0 buckler
 z - a +0 ring mail
 H - the +1 plate armour of Ychagg {Slay+3}
   (You found it on level 6 of the Dungeon)

   Slay:      It affects your accuracy & damage with ranged weapons and melee
   (+3).
Magical Staves
 D - a staff of conjuration
Jewellery
 s - a +6 ring of intelligence (left hand)
 v - a ring of protection from fire
 B - a ring of ice (right hand)
Scrolls
 c - a scroll of identify
 x - 2 scrolls of teleportation
 A - a scroll of immolation
 C - a scroll of amnesia
 E - 2 scrolls of enchant weapon
Potions
 b - 4 potions of magic
 e - a potion of cancellation
 g - 2 potions of attraction
 o - 3 potions of lignification
 p - a potion of resistance
 q - a potion of mutation
 r - 5 potions of curing
 G - a potion of ambrosia


   Skills:
 + Level 4.6 Fighting
 + Level 4.4 Dodging
 + Level 4.9 Stealth
 + Level 1.9 Shields
 - Level 4.0 Spellcasting
 - Level 5.5 Conjurations
 + Level 2.1 Hexes


You had 9 spell levels left.
You knew the following spells:

 Your Spells              Type           Power      Damage    Failure   Level
a - Magic Dart            Conj           100%       1d8       1%          1
b - Searing Ray           Conj           84%        2d7       1%          2
c - Dazzling Flash        Conj/Hex       62%        N/A       3%          3

Your spell library contained the following spells:

 Spells                   Type           Power      Damage    Failure   Level
 Sting                    Tmut/Pois      24%        1d4       5%          1
 Poisonous Vapours        Pois/Air       12%        N/A       8%          2
 Fulminant Prism          Conj/Hex       15%        3d11      11%         4
 Vhi's Electric Charge    Tloc/Air       12%        N/A       16%         3
 Iskenderun's Mystic Bla  Conj/Tloc      24%        2d7       17%         4
 Arcjolt                  Conj/Air       12%        1d22      43%         5
 Olgreb's Toxic Radiance  Pois           6%         N/A       45%         4
 Plasma Beam              Fire/Air       3%         2x1d14    100%        6


Dungeon Overview and Level Annotations

Branches:
Dungeon (6/15)             Temple (0/1) D:6

Altars:
Cheibriados
Dithmenos
Fedhas
Gozag
Kikubaaqudgha
Nemelex Xobeh
Okawaru
Qazlal
Uskayaw
Vehumet
Wu Jian
Yredelemnul

Shops:
D:3 !

Annotations:
D:4 exclusion: oklob plant
D:6 Maggie


Innate Abilities, Weirdness & Mutations

You are partially covered in molten scales. (AC +2)
You frequently emit foul miasma when damaged in melee.


Message History

The black mamba bites you!
You emit a cloud of foul miasma!
The black mamba is engulfed in dark miasma.
The black mamba is poisoned.
The black mamba seems to slow down.
The black mamba barely misses you.
You barely miss the black mamba.
The black mamba is lightly wounded.
The black mamba is no longer moving slowly.
The black mamba is engulfed in dark miasma.
The black mamba completely misses you.
You slash the black mamba!
The black mamba is severely wounded.
The black mamba changes into an entropy weaver!
You closely miss the entropy weaver.
The entropy weaver is heavily wounded.
You slash the entropy weaver!
The entropy weaver is severely wounded.
The entropy weaver is engulfed in dark miasma.
The entropy weaver is poisoned.
The entropy weaver misses you.
The entropy weaver hits you! x2; The entropy weaver barely misses you.
The entropy weaver is engulfed in dark miasma.
The entropy weaver looks even sicker.
The entropy weaver barely misses you. The entropy weaver hits you!
The entropy weaver hits you.
* * * LOW HITPOINT WARNING * * *
The entropy weaver hits you but does no damage.
Okay, then.
You feel protected.
The entropy weaver is engulfed in dark miasma.
The entropy weaver looks even sicker.
The entropy weaver barely misses you. The entropy weaver hits you.
* * * LOW HITPOINT WARNING * * *
The entropy weaver hits you.
* * * LOW HITPOINT WARNING * * *
The entropy weaver misses you.
You hit the entropy weaver.
The entropy weaver is almost dead.
The entropy weaver closely misses you. The entropy weaver hits you!
* * * LOW HITPOINT WARNING * * *
The entropy weaver closely misses you. The entropy weaver hits you!
You die...
Your body crumbles into a pile of gold.

## #. #.##
#.#.###
.....######
...#.#.#...#
### ####..#
## #B@#..#
#..(...##...
##.##....
.#.. #.
#.##..## #
... .## #...
# ###. ##


You could see an entropy weaver shaped shifter (very poisoned).

Vanquished Creatures
  3 ice beasts (D:6)
  A black bear (D:5)
  4 ogres
  A kobold brigand (D:5)
  A gnoll sergeant (D:5)
  A bullfrog (D:6)
  2 hounds (D:5)
  A gnoll bouda (D:5)
  A sleepcap (D:4)
  3 iguanas
  7 adders
  15 gnolls
  2 ufetubi (D:4)
  A worm (D:3)
  A dart slug (D:2)
  3 orcs (D:5)
  A bat (D:2)
  5 endoplasms
  8 giant cockroaches
  9 goblins
  15 hobgoblins
  3 jackals (D:4)
  5 quokkas
  7 ball pythons
  3 frilled lizards
  14 kobolds
  3 rats
120 creatures vanquished.

Vanquished Creatures (others)
  5 starspawn tentacles (Abyss:1)
5 creatures vanquished.

Grand Total: 125 creatures vanquished

Notes
Turn   | Place    | Note
-------+----------+-------------------------------------------
     0 | D:1      | croobank the Demonspawn Conjurer began the quest for the
                  | Orb.
     0 | D:1      | Reached XP level 1. HP: 13/13 MP: 3/3
   368 | D:1      | Gained mutation: You may rarely emit foul miasma when
                  | damaged in melee. [demonic ancestry]
   368 | D:1      | Reached XP level 2. HP: 19/19 MP: 3/5
   371 | D:1      | Learned a level 2 spell: Searing Ray
   560 | D:1      | Found a faded altar of an unknown god.
   581 | D:1      | Prayed at the altar of an unknown god.
   581 | D:1      | Became a worshipper of Gozag Ym Sagoz the Greedy
  1240 | D:2      | Reached XP level 3. HP: 7/24 MP: 0/6
  1605 | D:2      | Gained mutation: You sometimes emit foul miasma when
                  | damaged in melee. [demonic ancestry]
  1605 | D:2      | Reached XP level 4. HP: 21/30 MP: 1/7
  1880 | D:2      | Learned a level 3 spell: Dazzling Flash
  2454 | D:3      | Found Duemyoca's Distillery.
  2462 | D:3      | Bought a potion of might for 44 gold pieces
  2462 | D:3      | Bought a potion of resistance for 110 gold pieces
  2462 | D:3      | Bought a potion of degeneration for 11 gold pieces
  2462 | D:3      | Bought a potion of heal wounds for 55 gold pieces
  2462 | D:3      | Bought a potion of curing for 33 gold pieces
  2462 | D:3      | Bought a potion of magic for 88 gold pieces
  2462 | D:3      | Bought a potion of curing for 33 gold pieces
  2576 | D:3      | Found a hide-covered altar of Uskayaw.
  2847 | D:3      | Found a stormy altar of Qazlal.
  3076 | D:3      | Found a snail-covered altar of Cheibriados.
  3135 | D:3      | Found an ornate altar of the Wu Jian Council.
  3247 | D:4      | Found an ancient bone altar of Kikubaaqudgha.
  3338 | D:4      | Reached skill level 1 in Fighting
  3351 | D:4      | Reached XP level 5. HP: 25/37 MP: 9/9
  3486 | D:4      | Found a sparkling altar of Nemelex Xobeh.
  3573 | D:4      | Noticed an ogre
  3582 | D:4      | Killed an ogre
  3698 | D:4      | Found an iron altar of Okawaru.
  3698 | D:4      | Found a shadowy altar of Dithmenos.
  3699 | D:4      | Found a radiant altar of Vehumet.
  3708 | D:4      | Found a basalt altar of Yredelemnul.
  3899 | D:4      | Gained mutation: You are partially covered in molten
                  | scales. (AC +2) [demonic ancestry]
  3899 | D:4      | Reached XP level 6. HP: 38/44 MP: 0/10
  4127 | D:4      | Found a blossoming altar of Fedhas.
  4149 | D:4      | Noticed an oklob plant
  4219 | D:5      | Entered Level 5 of the Dungeon
  4294 | D:5      | Reached skill level 5 in Conjurations
  4415 | D:5      | Reached XP level 7. HP: 43/52 MP: 8/12
  4585 | D:5      | Identified 2 scrolls of acquirement
  4585 | D:5      | Acquired a staff of conjuration
  4588 | D:5      | Acquired the +0 pair of gloves of Asceticism {rPois Int+5}
  5919 | D:6      | Reached skill level 1 in Hexes
  5919 | D:6      | Gained mutation: You frequently emit foul miasma when
                  | damaged in melee. [demonic ancestry]
  5919 | D:6      | Reached XP level 8. HP: 50/60 MP: 14/14
  5972 | D:6      | Found a staircase to the Ecumenical Temple.
  5997 | D:6      | Reached skill level 1 in Shields
  6117 | D:6      | Identified the +1 plate armour of Ychagg {Slay+3}
  6235 | D:6      | Noticed Maggie
  6251 | Abyss:1  | Found a corrupted altar of Lugonu.
  6251 | Abyss:1  | Cast into level 1 of the Abyss (Maggie)
  6252 | Abyss:1  | Found a corrupted altar of Lugonu.
  6299 | Abyss:1  | Noticed a tentacled starspawn
  6355 | Abyss:1  | Found a corrupted altar of Lugonu.
  6356 | Abyss:1  | Found a corrupted altar of Lugonu.
  6365 | Abyss:1  | Found a shimmering blue altar of Sif Muna.
  6387 | Abyss:1  | Noticed a black mamba
  6398 | Abyss:1  | a black mamba changed into an entropy weaver
  6398 | Abyss:1  | Noticed an entropy weaver (shapeshifter)
  6402 | Abyss:1  | Slain by an entropy weaver (shapeshifter)

Illustrated notes

Levels and vault maps discovered:
D:1:      minmay_arrival_shattered_statue, layout_loops_ring,
          shapermc_ecumenical_altar_flowoftime, chequers_avenue,
          serial_bayou_crossing
D:2:      layout_rooms, nicolae_concentric_dashed_squares_wild,
          minmay_randomly_rotated_circles
D:3:      layout_basic, nicolae_wu_jian_immortal_techniques,
          nicolae_overflow_crystal_walls, mainiacjoe_overflow_catwalk,
          mainiacjoe_overflow_brackets, serial_shops, shop
D:4:      layout_rooms, nemelex_spade_bored_becter,
          nicolae_overflow_quartered_altars,
          mainiacjoe_overflow_concentric_impassable, tgw_fedhas,
          minmay_fractal_squares_5
D:5:      layout_cave_pods, wad_floor_pattern_1, pf_guarded_unrand_woodcutter
D:6:      layout_cave_pools, minmay_temple_entry_from_below_a,
          roderic_lattice_a, uniq_maggie
Abyss:1:  base: D:5, evilmike_abyss_exit_16

Skill      XL: |  1  2  3  4  5  6  7  8 |
---------------+-------------------------+-----
Stealth        | 2 3 4 |  4.9
Dodging        | 2 3 4 |  4.4
Fighting       | 1 2 3 4 |  4.6
Spellcasting   | 3 4 |  4.0
Conjurations   | 5 |  5.5
Hexes          | 1 2 |  2.1
Shields        | 1 |  1.9

Action                     |  1- 3 |  4- 6 |  7- 9 || total
---------------------------+-------+-------+-------++-------
  Melee: Dagger            |    34 |    53 |    10 ||    97
         Short sword       |    29 |    98 |       ||   127
         Punch             |       |     2 |       ||     2
         Battleaxe         |       |       |    46 ||    46
         Staff             |       |       |    14 ||    14
  Throw: Dart              |       |     6 |     1 ||     7
   Cast: Magic Dart        |    28 |    25 |    21 ||    74
         Searing Ray       |    13 |    14 |    11 ||    38
         Dazzling Flash    |       |     4 |     1 ||     5
  Evoke: Wand              |       |       |     3 ||     3
    Use: Potion            |     2 |     2 |     5 ||     9
         Scroll            |     2 |    14 |     5 ||    21
   Stab: Distracted        |     1 |     1 |       ||     2
         Invisible         |       |     5 |       ||     5
         Sleeping          |       |     1 |       ||     1
 Armour: Robe              |    13 |    39 |    23 ||    75
  Dodge: Dodged            |    45 |   110 |    82 ||   237
